Maple Leafs vs Red Wings (R2)

Created - January 26, 2018 at 19:26

Goals
1 2 3 T
Maple Leafs 1 0 0 1
Red Wings 1 3 1 5
Shots
1 2 3 T
Maple Leafs 4 2 5 11
Red Wings 11 6 19 36

1st period

1. Red Wings , Phil Kessel 20 (Tyler Johnson 20) at 2:25 (PP)
2. Maple Leafs , Artemi Panarin 14 (Jordan Staal 24) at 15:53

Penalties :
Gilbert Brule (Tor) for Goalie Interference (Minor) at 1:38, Philip Samuelsson (Det) for Tripping (Minor) at 5:25, Gilbert Brule (Tor) for Hooking (Minor) at 6:06, Rick Nash (Det) for Holding Stick (Minor) at 7:06, Tobias Enstrom (Tor) for Goalie Interference (Minor) at 17:25

2nd period

3. Red Wings , Sean Bergenheim 12 (Brent Seabrook 31, Mike Richards 33) at 5:00 (PP)
4. Red Wings , Mike Richards 16 (Rick Nash 23, Sean Bergenheim 18) at 7:29
5. Red Wings , Tyler Johnson 15 (Rick Nash 24, Sean Bergenheim 19) at 8:43

Penalties :
Rick Nash (Det) for Tripping (Minor) at 0:22, Marc-Édouard Vlasic (Tor) for Hooking (Minor) at 4:54, Braydon Coburn (Tor) for Roughing (Minor) at 10:14

3rd period

6. Red Wings , Ales Hemsky 5 (Brent Seabrook 32, Jiri Fischer 5) at 3:59

Penalties :
Colby Armstrong (Tor) for Hooking (Minor) at 5:39, Artemi Panarin (Tor) for Cross-checking (Minor) at 6:15, Ole-Kristian Tollefsen (Det) for Holding (Minor) at 6:43, Nate Thompson (Det) for Goalie Interference (Minor) at 15:47

Goalie Stats

Alex Stalock (Tor), 18 saves from 19 shots - (0.947), 31:17 minutes
Marc-André Fleury (Tor), 13 saves from 17 shots - (0.765), L, 16-18-5, 28:43 minutes
Michal Neuvirth (Det), 10 saves from 11 shots - (0.909), W, 29-4-2, 60:00 minutes

Players Stats for Maple Leafs

Player Name              G  A  P  +/- PIM S  H  SB GA TA FO     MP     PP MP  PK MP  
------------------------------------------------------------------------------------
Artemi Panarin           1  0  1  -1  2   2  0  0  0  0  0/0    14:12   0:28   1:24 
Ben Smith                0  0  0  -1  0   0  0  0  0  0  1/3     6:13   0:00   1:25 
Blake Comeau             0  0  0  -1  0   0  0  0  0  0  0/1    12:28   0:00   0:00 
Braydon Coburn           0  0  0   1  2   1  0  2  1  1  0/0    27:23   2:50   3:54 
Claude Giroux            0  0  0  -1  0   5  0  0  3  1  9/13   27:06   4:04   3:54 
Colby Armstrong          0  0  0   0  2   1  5  0  0  0  0/1    16:03   2:31   0:00 
Eric Nystrom             0  0  0   0  0   0  1  0  0  0  0/1    15:51   2:03   0:17 
Fabian Brunnstrom        0  0  0   0  0   0  2  0  1  0  0/0    19:01   2:36   1:13 
Gilbert Brule            0  0  0   0  4   0  0  0  0  1  5/13   17:35   3:02   1:31 
Jeremy Morin             0  0  0   0  0   0  0  1  0  0  0/1     2:59   0:00   0:00 
John Klingberg           0  0  0  -1  0   0  0  1  0  1  0/0    11:50   0:00   1:55 
Jordan Staal             0  1  1  -1  0   1  0  1  1  0  16/25  24:50   3:36   2:32 
Marc-Édouard Vlasic      0  0  0  -2  2   0  0  1  0  0  0/0    19:56   3:17   1:39 
Mathieu Carle            0  0  0   0  0   0  0  0  0  2  0/0     4:10   0:00   0:36 
Ryan Parent              0  0  0  -1  0   1  0  0  0  0  0/0     9:25   0:00   0:00 
Taylor Chorney           0  0  0  -2  0   0  0  0  0  0  0/0    19:57   3:17   1:39 
Tobias Enstrom           0  0  0   1  2   0  2  0  0  2  0/0    27:49   2:50   3:57 
Zac Dalpe                0  0  0  -1  0   0  1  0  0  0  2/4    12:17   0:00   0:00 

Players Stats for Red Wings

Player Name              G  A  P  +/- PIM S  H  SB GA TA FO     MP     PP MP  PK MP  
------------------------------------------------------------------------------------
Adam Henrique            0  0  0   1  0   3  1  1  0  0  0/0    16:44   2:19   0:00 
Ales Hemsky              1  0  1   1  0   3  0  1  1  0  0/0    11:53   0:20   0:00 
Alex Picard              0  0  0   1  0   6  1  1  1  1  0/0    12:45   0:31   0:40 
Brendan Bell             0  0  0   0  0   0  0  0  0  0  0/0     4:27   0:00   0:28 
Brent Seabrook           0  2  2   1  0   2  2  3  0  0  0/0    25:43   3:30   3:10 
Chris Kelly              0  0  0   1  0   3  1  0  0  1  5/9    13:15   0:24   1:13 
Filip Kuba               0  0  0   1  0   2  0  0  0  0  0/0    15:10   0:35   3:10 
Jiri Fischer             0  1  1   1  0   0  2  2  0  1  0/0    24:30   2:25   2:47 
Mike Richards            1  1  2   1  0   4  2  0  0  0  4/15   18:58   2:41   0:04 
Nate Thompson            0  0  0  -1  2   0  0  0  0  0  0/2     6:13   0:00   0:00 
Oleg Saprykin            0  0  0  -1  0   2  1  0  0  1  0/0     8:37   0:00   2:24 
Ole-Kristian Tollefsen   0  0  0   0  2   1  2  0  0  0  0/0    22:22   2:54   2:47 
Phil Kessel              1  0  1   1  0   1  4  0  3  0  1/2    18:06   2:19   0:28 
Philip Samuelsson        0  0  0   0  2   1  1  1  0  1  0/0    19:50   2:25   0:44 
Rick Nash                0  2  2   0  4   1  0  0  1  0  4/10   23:44   3:16   1:18 
Sean Bergenheim          1  2  3   1  0   3  2  0  0  0  2/4    19:29   3:16   2:53 
Theo Peckham             0  0  0   1  0   0  1  1  0  0  0/0     8:54   0:00   0:00 
Tyler Johnson            1  1  2   1  0   4  3  0  2  1  13/20  19:20   2:39   3:16 

3 Stars

1 - Sean Bergenheim (Det)
2 - Tyler Johnson (Det)
3 - Mike Richards (Det)

Power Play

Maple Leafs - 0 on 5 Attempt(s) - 0.00%
Red Wings - 2 on 7 Attempt(s) - 28.57%

Penalty Kill

Maple Leafs - 5 on 7 Attempt(s) - 71.43% - Score 0 goal in Penalty Kill
Red Wings - 5 on 5 Attempt(s) - 100.00% - Score 0 goal in Penalty Kill

Team Stat

Maple Leafs - Hits : 11 - Faceoff Wins : 33 - Blocked Shots : 6 - Penalty Minutes : 14
Red Wings - Hits : 23 - Faceoff Wins : 29 - Blocked Shots : 10 - Penalty Minutes : 10

Official

Referees : Ciamaga Chris and Watson Brad
Linesman : Scott Cherrey and Brad Kovachik

Game Notes

Alex Stalock enters game at 8:43 of 2nd period

Finance

Level 1 -- Attendance: 5864 (97.73%) -- Ticket Income $510,168
Level 2 -- Attendance: 4146 (82.92%) -- Ticket Income $240,468
Level 3 -- Attendance: 1698 (84.90%) -- Ticket Income $67,920
Level 4 -- Attendance: 3045 (76.13%) -- Ticket Income $88,305
Luxury Box -- Attendance: 753 (75.30%) -- Ticket Income $126,504
Game was played at the Joe Louis Arena.
Total Attendance: 15506 (86.14%)
Total Ticket Income: $1,033,365
Other Income: $155,005
Total Income: $1,188,370

Maple Leafs

5 vs 5 Forward 
   Center                   Left Wing                Right Wing               Time % Phy DF OF 
 1 Jordan Staal             Fabian Brunnstrom        Claude Giroux            40     1   2  2  
 2 Gilbert Brule            Eric Nystrom             Colby Armstrong          30     1   2  2  
 3 Zac Dalpe                Artemi Panarin           Blake Comeau             20     1   2  2  
 4 Claude Giroux            Jordan Staal             Ben Smith                10     1   2  2  

5 vs 5 Defense 
   Defense                  Defense                                           Time % Phy DF OF 
 1 Tobias Enstrom           Braydon Coburn                                    40     1   2  2  
 2 Marc-Édouard Vlasic      Taylor Chorney                                    30     1   2  2  
 3 Ryan Parent              John Klingberg                                    20     1   2  2  
 4 Mathieu Carle            Tobias Enstrom                                    10     1   2  2  

PowerPlay Forward 
   Center                   Left Wing                Right Wing               Time % Phy DF OF 
 1 Jordan Staal             Fabian Brunnstrom        Claude Giroux            60     1   2  2  
 2 Gilbert Brule            Eric Nystrom             Colby Armstrong          40     1   2  2  

PowerPlay Defense
   Defense                  Defense                                           Time % Phy DF OF 
 1 Tobias Enstrom           Braydon Coburn                                    60     1   2  2  
 2 Marc-Édouard Vlasic      Taylor Chorney                                    40     1   2  2  

Penalty Kill 4 Players Forward 
   Center                   Wing                     Time % Phy DF OF 
 1 Claude Giroux            Jordan Staal             60     1   2  2  
 2 Gilbert Brule            Fabian Brunnstrom        40     1   2  2  

Penalty Kill 4 Players Defense
   Defense                  Defense                  Time % Phy DF OF 
 1 Tobias Enstrom           Braydon Coburn           60     1   2  2  
 2 Marc-Édouard Vlasic      Taylor Chorney           40     1   2  2  

Penalty Kill - 3 Players Forward 
   Forward                                           Time % Phy DF OF 
 1 Claude Giroux                                     60     1   2  2  
 2 Jordan Staal                                      40     1   2  2  

Penalty Kill - 3 Players Defense
   Defense                  Defense                  Time % Phy DF OF 
 1 Tobias Enstrom           Braydon Coburn           60     1   2  2  
 2 Marc-Édouard Vlasic      Taylor Chorney           40     1   2  2  

4 vs 4 Forward 
   Center                   Wing                     Time % Phy DF OF 
 1 Claude Giroux            Jordan Staal             60     1   2  2  
 2 Gilbert Brule            Fabian Brunnstrom        40     1   2  2  

4 vs 4 Defense
   Defense                  Defense                  Time % Phy DF OF 
 1 Tobias Enstrom           Braydon Coburn           60     1   2  2  
 2 Marc-Édouard Vlasic      Taylor Chorney           40     1   2  2  

Last Minutes Offensive
   Center                   Left Wing                Right Wing               Defense                  Defense                  
   Jordan Staal             Fabian Brunnstrom        Claude Giroux            Tobias Enstrom           Braydon Coburn           

Last Minutes Defensive
   Center                   Left Wing                Right Wing               Defense                  Defense                  
   Jordan Staal             Fabian Brunnstrom        Claude Giroux            Tobias Enstrom           Braydon Coburn           

Goaltenders
Starting : Marc-André Fleury        
Backup : Alex Stalock             

Extra Forwards
Normal : Jeremy Morin, Blake Comeau, Ben Smith - PP : Jeremy Morin, Blake Comeau - PK : Ben Smith
Extra Defensemen
Normal : Ryan Parent, John Klingberg, Mathieu Carle - PP : Ryan Parent - PK : John Klingberg, Mathieu Carle
Penalty Shots
Claude Giroux, Jordan Staal, Gilbert Brule, Fabian Brunnstrom, Colby Armstrong

Scratches
Alex Killorn (Right Hip Injury), Evgeny Grachev (Sprained Right Finger Injury)

Red Wings

5 vs 5 Forward 
   Center                   Left Wing                Right Wing               Time % Phy DF OF 
 1 Mike Richards            Adam Henrique            Phil Kessel              36     0   2  3  
 2 Tyler Johnson            Sean Bergenheim          Rick Nash                36     0   2  3  
 3 Chris Kelly              Alex Picard              Ales Hemsky              20     0   3  2  
 4 Nate Thompson            Oleg Saprykin            Rick Nash                8      1   2  2  

5 vs 5 Defense 
   Defense                  Defense                                           Time % Phy DF OF 
 1 Brent Seabrook           Jiri Fischer                                      35     0   3  2  
 2 Philip Samuelsson        Ole-Kristian Tollefsen                            35     0   3  2  
 3 Filip Kuba               Theo Peckham                                      20     0   3  2  
 4 Filip Kuba               Brendan Bell                                      10     0   3  2  

PowerPlay Forward 
   Center                   Left Wing                Right Wing               Time % Phy DF OF 
 1 Rick Nash                Sean Bergenheim          Mike Richards            60     0   1  4  
 2 Tyler Johnson            Adam Henrique            Phil Kessel              40     0   1  4  

PowerPlay Defense
   Defense                  Defense                                           Time % Phy DF OF 
 1 Ole-Kristian Tollefsen   Brent Seabrook                                    60     0   2  3  
 2 Jiri Fischer             Philip Samuelsson                                 40     0   2  3  

Penalty Kill 4 Players Forward 
   Center                   Wing                     Time % Phy DF OF 
 1 Tyler Johnson            Oleg Saprykin            50     1   2  2  
 2 Rick Nash                Sean Bergenheim          50     1   2  2  

Penalty Kill 4 Players Defense
   Defense                  Defense                  Time % Phy DF OF 
 1 Brent Seabrook           Filip Kuba               50     1   2  2  
 2 Jiri Fischer             Ole-Kristian Tollefsen   50     1   2  2  

Penalty Kill - 3 Players Forward 
   Forward                                           Time % Phy DF OF 
 1 Sean Bergenheim                                   60     1   2  2  
 2 Tyler Johnson                                     40     1   2  2  

Penalty Kill - 3 Players Defense
   Defense                  Defense                  Time % Phy DF OF 
 1 Filip Kuba               Brent Seabrook           50     1   2  2  
 2 Jiri Fischer             Ole-Kristian Tollefsen   50     1   2  2  

4 vs 4 Forward 
   Center                   Wing                     Time % Phy DF OF 
 1 Mike Richards            Rick Nash                60     1   2  2  
 2 Tyler Johnson            Phil Kessel              40     1   2  2  

4 vs 4 Defense
   Defense                  Defense                  Time % Phy DF OF 
 1 Brent Seabrook           Jiri Fischer             60     1   2  2  
 2 Ole-Kristian Tollefsen   Philip Samuelsson        40     1   2  2  

Last Minutes Offensive
   Center                   Left Wing                Right Wing               Defense                  Defense                  
   Mike Richards            Rick Nash                Phil Kessel              Brent Seabrook           Ole-Kristian Tollefsen   

Last Minutes Defensive
   Center                   Left Wing                Right Wing               Defense                  Defense                  
   Tyler Johnson            Sean Bergenheim          Rick Nash                Jiri Fischer             Filip Kuba               

Goaltenders
Starting : Michal Neuvirth          
Backup : Ilya Bryzgalov           

Extra Forwards
Normal : Rick Nash, Tyler Johnson, Chris Kelly - PP : Chris Kelly, Alex Picard - PK : Rick Nash
Extra Defensemen
Normal : Brent Seabrook, Ole-Kristian Tollefsen, Philip Samuelsson - PP : Filip Kuba - PK : Brendan Bell, Philip Samuelsson
Penalty Shots
Rick Nash, Mike Richards, Phil Kessel, Brent Seabrook, Sean Bergenheim

Scratches
Nino Niederreiter (Right Forearm Injury)

% Time on Ice - Maple Leafs

Lines # - Real PCT - Wanted PCT - Time Play
Normal Forward
1 - 34% - 40% - 15:17
2 - 30% - 30% - 13:19
3 - 28% - 20% - 12:17
4 - 8% - 10% - 3:35
Normal Defense
1 - 41% - 40% - 18:02
2 - 33% - 30% - 14:42
3 - 21% - 20% - 9:25
4 - 5% - 10% - 2:19
PP Forward
1 - 66% - 60% - 4:04
2 - 34% - 40% - 2:03
PP Defense
1 - 46% - 60% - 2:50
2 - 54% - 40% - 3:17
PK Forward
1 - 78% - 60% - 4:14
2 - 22% - 40% - 1:13
PK Defense
1 - 70% - 60% - 3:48
2 - 30% - 40% - 1:39
PK3 Forward
1 - 100% - 60% - 1:23
2 - 0% - 40% - 0:00
PK3 Defense
1 - 100% - 60% - 1:23
2 - 0% - 40% - 0:00
44 Forward
1 - 72% - 60% - 1:51
2 - 28% - 40% - 0:44
44 Defense
1 - 88% - 60% - 2:16
2 - 12% - 40% - 0:19
Last Minute Offensive  - 0:00
Last Minute Defensive  - 0:00
Total
Forward - 60:00
Defense - 60:00

% Time on Ice - Red Wings

Lines # - Real PCT - Wanted PCT - Time Play
Normal Forward
1 - 32% - 36% - 14:19
2 - 29% - 36% - 13:01
3 - 25% - 20% - 10:55
4 - 14% - 8% - 6:13
Normal Defense
1 - 37% - 35% - 16:14
2 - 37% - 35% - 16:17
3 - 20% - 20% - 8:54
4 - 7% - 10% - 3:03
PP Forward
1 - 55% - 60% - 3:16
2 - 45% - 40% - 2:39
PP Defense
1 - 59% - 60% - 3:30
2 - 41% - 40% - 2:25
PK Forward
1 - 44% - 50% - 2:40
2 - 56% - 50% - 3:27
PK Defense
1 - 49% - 50% - 2:58
2 - 51% - 50% - 3:09
PK3 Forward
1 - 100% - 60% - 0:18
2 - 0% - 40% - 0:00
PK3 Defense
1 - 67% - 50% - 0:12
2 - 33% - 50% - 0:06
44 Forward
1 - 78% - 60% - 2:30
2 - 22% - 40% - 0:42
44 Defense
1 - 50% - 60% - 1:36
2 - 50% - 40% - 1:36
Last Minute Offensive  - 0:00
Last Minute Defensive  - 0:00
Total
Forward - 60:00
Defense - 60:00

Play by Play

1st period


0:01 of 1st period - Jordan Staal wins face-off versus Mike Richards in neutral zone.
0:54 of 1st period - Wrist shot by Chris Kelly.
0:54 of 1st period - Stopped by Marc-André Fleury without a rebound.
0:55 of 1st period - Claude Giroux wins face-off versus Chris Kelly in Maple Leafs zone.
0:55 of 1st period - Claude Giroux is hit by Alex Picard.
1:21 of 1st period - Filip Kuba is hit by Eric Nystrom and loses puck.
1:38 of 1st period - Minor Penalty to Gilbert Brule for Goalie Interference.
1:39 of 1st period - Rick Nash wins face-off versus Claude Giroux in Maple Leafs zone.
2:04 of 1st period - Jordan Staal is hit by Sean Bergenheim.
2:13 of 1st period - Icing by Phil Kessel.
2:14 of 1st period - Tyler Johnson wins face-off versus Ben Smith in Red Wings zone.
2:25 of 1st period - Wrist shot by Phil Kessel.
2:25 of 1st period - Goal by Phil Kessel - Maple Leafs : 0 - Red Wings : 1.
2:26 of 1st period - Jordan Staal wins face-off versus Mike Richards in neutral zone.
3:17 of 1st period - Alex Picard is hit by Tobias Enstrom.
4:26 of 1st period - Wrist shot by Alex Picard.
4:26 of 1st period - Shot Misses the Net.
4:28 of 1st period - Snap shot by Ales Hemsky.
4:28 of 1st period - Stopped by Marc-André Fleury without a rebound.
4:29 of 1st period - Chris Kelly wins face-off versus Eric Nystrom in Maple Leafs zone.
4:30 of 1st period - Wrist shot by Ales Hemsky.
4:30 of 1st period - Deflect By Alex Picard.
4:30 of 1st period - Stopped by Marc-André Fleury without a rebound.
4:31 of 1st period - Chris Kelly wins face-off versus Gilbert Brule in Maple Leafs zone.
4:34 of 1st period - Wrist shot by Ales Hemsky.
4:34 of 1st period - Stopped by Marc-André Fleury with a rebound.
5:25 of 1st period - Minor Penalty to Philip Samuelsson for Tripping.
5:26 of 1st period - Jordan Staal wins face-off versus Tyler Johnson in Red Wings zone.
6:01 of 1st period - Off-side.
6:02 of 1st period - Rick Nash wins face-off versus Gilbert Brule in neutral zone.
6:06 of 1st period - Minor Penalty to Gilbert Brule for Hooking.
6:07 of 1st period - Claude Giroux wins face-off versus Mike Richards in Maple Leafs zone.
7:06 of 1st period - Minor Penalty to Rick Nash for Holding Stick.
7:07 of 1st period - Claude Giroux wins face-off versus Sean Bergenheim in Red Wings zone.
7:08 of 1st period - Snap shot by Jordan Staal.
7:08 of 1st period - Shot Misses the Net.
7:18 of 1st period - Wrist shot by Claude Giroux.
7:18 of 1st period - Stopped by Michal Neuvirth without a rebound.
7:19 of 1st period - Sean Bergenheim wins face-off versus Claude Giroux in Red Wings zone.
7:25 of 1st period - Penalty to Philip Samuelsson is over, Philip Samuelsson is back on ice.
8:06 of 1st period - Penalty to Gilbert Brule is over, Gilbert Brule is back on ice.
8:16 of 1st period - Wrist shot by Claude Giroux.
8:16 of 1st period - Shot Misses the Net.
9:06 of 1st period - Penalty to Rick Nash is over, Rick Nash is back on ice.
9:18 of 1st period - Slapshot by Claude Giroux.
9:18 of 1st period - Shot Blocked by Brent Seabrook.
9:20 of 1st period - Wrist shot by Claude Giroux.
9:20 of 1st period - Stopped by Michal Neuvirth without a rebound.
9:21 of 1st period - Zac Dalpe wins face-off versus Mike Richards in Red Wings zone.
9:30 of 1st period - Slapshot by Zac Dalpe.
9:30 of 1st period - Shot Misses the Net.
10:45 of 1st period - Snap shot by Phil Kessel.
10:45 of 1st period - Shot Misses the Net.
10:47 of 1st period - Slapshot by Filip Kuba.
10:47 of 1st period - Stopped by Marc-André Fleury without a rebound.
10:48 of 1st period - Mike Richards wins face-off versus Jeremy Morin in Maple Leafs zone.
10:49 of 1st period - Snap shot by Phil Kessel.
10:49 of 1st period - Shot Misses the Net.
11:15 of 1st period - Eric Nystrom is hit by Jiri Fischer and loses puck.
11:32 of 1st period - Wrist shot by Ales Hemsky.
11:32 of 1st period - Shot Misses the Net.
11:40 of 1st period - Slapshot by Brent Seabrook.
11:40 of 1st period - Deflect By Tobias Enstrom.
11:40 of 1st period - Stopped by Marc-André Fleury without a rebound.
11:41 of 1st period - Tyler Johnson wins face-off versus Jordan Staal in Maple Leafs zone.
11:51 of 1st period - Off-side.
11:52 of 1st period - Tyler Johnson wins face-off versus Jordan Staal in neutral zone.
11:57 of 1st period - Snap shot by Tyler Johnson.
11:57 of 1st period - Deflect By Rick Nash.
11:57 of 1st period - Shot Misses the Net.
11:57 of 1st period - Puck is out of play.
11:58 of 1st period - Jordan Staal wins face-off versus Tyler Johnson in Maple Leafs zone.
12:48 of 1st period - Slapshot by Rick Nash.
12:48 of 1st period - Shot Blocked by Braydon Coburn.
12:50 of 1st period - Snap shot by Rick Nash.
12:50 of 1st period - Shot Blocked by Jordan Staal.
12:52 of 1st period - Slapshot by Philip Samuelsson.
12:52 of 1st period - Stopped by Marc-André Fleury without a rebound.
12:53 of 1st period - Gilbert Brule wins face-off versus Mike Richards in Maple Leafs zone.
13:10 of 1st period - Phil Kessel is hit by Colby Armstrong and loses puck.
13:45 of 1st period - Icing by John Klingberg.
13:46 of 1st period - Gilbert Brule wins face-off versus Nate Thompson in Maple Leafs zone.
15:21 of 1st period - Snap shot by Artemi Panarin.
15:21 of 1st period - Shot Blocked by Jiri Fischer.
15:53 of 1st period - Slapshot by Artemi Panarin.
15:53 of 1st period - Goal by Artemi Panarin - Maple Leafs : 1 - Red Wings : 1.
15:54 of 1st period - Jordan Staal wins face-off versus Phil Kessel in neutral zone.
16:01 of 1st period - Off-side.
16:02 of 1st period - Jordan Staal wins face-off versus Mike Richards in neutral zone.
16:15 of 1st period - Snap shot by Jordan Staal.
16:15 of 1st period - Shot Misses the Net.
16:37 of 1st period - Tobias Enstrom is hit by Phil Kessel and loses puck.
17:02 of 1st period - Backhand shot by Claude Giroux.
17:02 of 1st period - Stopped by Michal Neuvirth with a rebound.
17:25 of 1st period - Minor Penalty to Tobias Enstrom for Goalie Interference.
17:26 of 1st period - Rick Nash wins face-off versus Ben Smith in Maple Leafs zone.
18:10 of 1st period - Slapshot by Alex Picard.
18:10 of 1st period - Stopped by Marc-André Fleury without a rebound.
18:11 of 1st period - Tyler Johnson wins face-off versus Gilbert Brule in Maple Leafs zone.
18:20 of 1st period - Snap shot by Tyler Johnson.
18:20 of 1st period - Stopped by Marc-André Fleury without a rebound.
18:21 of 1st period - Claude Giroux wins face-off versus Rick Nash in Maple Leafs zone.
18:46 of 1st period - Snap shot by Adam Henrique.
18:46 of 1st period - Stopped by Marc-André Fleury without a rebound.
18:47 of 1st period - Claude Giroux wins face-off versus Tyler Johnson in Maple Leafs zone.
19:20 of 1st period - Braydon Coburn is hit by Tyler Johnson and loses puck.
19:25 of 1st period - Penalty to Tobias Enstrom is over, Tobias Enstrom is back on ice.
Goals for this period are 1 for Maple Leafs vs 1 for Red Wings.
Shots for this period are 4 for Maple Leafs vs 11 for Red Wings.

2nd period


0:01 of 2nd period - Jordan Staal wins face-off versus Tyler Johnson in neutral zone.
0:22 of 2nd period - Minor Penalty to Rick Nash for Tripping.
0:23 of 2nd period - Jordan Staal wins face-off versus Chris Kelly in Red Wings zone.
0:50 of 2nd period - Colby Armstrong is hit by Oleg Saprykin and loses puck.
2:03 of 2nd period - Colby Armstrong is hit by Ole-Kristian Tollefsen and loses puck.
2:22 of 2nd period - Penalty to Rick Nash is over, Rick Nash is back on ice.
2:36 of 2nd period - Artemi Panarin is hit by Adam Henrique and loses puck.
2:42 of 2nd period - Icing by Artemi Panarin.
2:43 of 2nd period - Zac Dalpe wins face-off versus Rick Nash in Maple Leafs zone.
2:51 of 2nd period - Backhand shot by Artemi Panarin.
2:51 of 2nd period - Stopped by Michal Neuvirth with a rebound.
2:55 of 2nd period - Snap shot by Artemi Panarin.
2:55 of 2nd period - Shot Misses the Net.
2:57 of 2nd period - Slapshot by Ryan Parent.
2:57 of 2nd period - Deflect By Rick Nash.
2:57 of 2nd period - Stopped by Michal Neuvirth without a rebound.
2:58 of 2nd period - Jordan Staal wins face-off versus Mike Richards in Red Wings zone.
3:32 of 2nd period - Slapshot by Sean Bergenheim.
3:32 of 2nd period - Stopped by Marc-André Fleury with a rebound.
3:34 of 2nd period - Slapshot by Jiri Fischer.
3:34 of 2nd period - Shot Misses the Net.
3:56 of 2nd period - Slapshot by Chris Kelly.
3:56 of 2nd period - Shot Misses the Net.
3:58 of 2nd period - Wrist shot by Alex Picard.
3:58 of 2nd period - Shot Misses the Net.
4:25 of 2nd period - Snap shot by Gilbert Brule.
4:25 of 2nd period - Deflect By Eric Nystrom.
4:25 of 2nd period - Shot Blocked by Theo Peckham.
4:25 of 2nd period - Puck is out of play.
4:26 of 2nd period - Phil Kessel wins face-off versus Gilbert Brule in Red Wings zone.
4:26 of 2nd period - Phil Kessel is hit by Colby Armstrong.
4:34 of 2nd period - Snap shot by Gilbert Brule.
4:34 of 2nd period - Shot Blocked by Adam Henrique.
4:47 of 2nd period - Snap shot by Adam Henrique.
4:47 of 2nd period - Stopped by Marc-André Fleury with a rebound.
4:49 of 2nd period - Wrist shot by Filip Kuba.
4:49 of 2nd period - Stopped by Marc-André Fleury without a rebound.
4:50 of 2nd period - Tyler Johnson wins face-off versus Jordan Staal in Maple Leafs zone.
4:54 of 2nd period - Minor Penalty to Marc-Édouard Vlasic for Hooking.
4:55 of 2nd period - Rick Nash wins face-off versus Claude Giroux in Maple Leafs zone.
4:56 of 2nd period - Slapshot by Mike Richards.
4:56 of 2nd period - Shot Misses the Net.
4:58 of 2nd period - Slapshot by Brent Seabrook.
4:58 of 2nd period - Shot Misses the Net.
5:00 of 2nd period - Wrist shot by Sean Bergenheim.
5:00 of 2nd period - Goal by Sean Bergenheim - Maple Leafs : 1 - Red Wings : 2.
5:01 of 2nd period - Jordan Staal wins face-off versus Tyler Johnson in neutral zone.
7:29 of 2nd period - Wrist shot by Mike Richards.
7:29 of 2nd period - Goal by Mike Richards - Maple Leafs : 1 - Red Wings : 3.
7:30 of 2nd period - Tyler Johnson wins face-off versus Jordan Staal in neutral zone.
8:19 of 2nd period - Snap shot by Rick Nash.
8:19 of 2nd period - Shot Blocked by Marc-Édouard Vlasic.
8:43 of 2nd period - Snap shot by Tyler Johnson.
8:43 of 2nd period - Goal by Tyler Johnson - Maple Leafs : 1 - Red Wings : 4.
8:43 of 2nd period - Alex Stalock enters game.
8:44 of 2nd period - Jordan Staal wins face-off versus Mike Richards in neutral zone.
8:58 of 2nd period - Off-side.
8:59 of 2nd period - Chris Kelly wins face-off versus Gilbert Brule in neutral zone.
9:15 of 2nd period - Icing by Tobias Enstrom.
9:16 of 2nd period - Mike Richards wins face-off versus Colby Armstrong in Maple Leafs zone.
9:25 of 2nd period - Snap shot by Colby Armstrong.
9:25 of 2nd period - Shot Misses the Net.
9:27 of 2nd period - Slapshot by Tobias Enstrom.
9:27 of 2nd period - Shot Misses the Net.
9:29 of 2nd period - Snap shot by Eric Nystrom.
9:29 of 2nd period - Deflect By Gilbert Brule.
9:29 of 2nd period - Shot Misses the Net.
9:29 of 2nd period - Puck is out of play.
9:30 of 2nd period - Tyler Johnson wins face-off versus Jordan Staal in Red Wings zone.
9:57 of 2nd period - Braydon Coburn is hit by Phil Kessel and loses puck.
10:14 of 2nd period - Minor Penalty to Braydon Coburn for Roughing.
10:15 of 2nd period - Jordan Staal wins face-off versus Rick Nash in Maple Leafs zone.
11:02 of 2nd period - Slapshot by Tobias Enstrom.
11:02 of 2nd period - Shot Blocked by Philip Samuelsson.
11:10 of 2nd period - John Klingberg is hit by Jiri Fischer and loses puck.
12:14 of 2nd period - Penalty to Braydon Coburn is over, Braydon Coburn is back on ice.
12:19 of 2nd period - Slapshot by Jiri Fischer.
12:19 of 2nd period - Shot Misses the Net.
13:29 of 2nd period - Tyler Johnson is hit by Fabian Brunnstrom and loses puck.
14:51 of 2nd period - Jordan Staal is hit by Ole-Kristian Tollefsen and loses puck.
16:02 of 2nd period - Ole-Kristian Tollefsen is hit by Zac Dalpe and loses puck.
16:19 of 2nd period - Wrist shot by Ales Hemsky.
16:19 of 2nd period - Shot Misses the Net.
16:43 of 2nd period - Blake Comeau is hit by Tyler Johnson and loses puck.
Goals for this period are 0 for Maple Leafs vs 3 for Red Wings.
Shots for this period are 2 for Maple Leafs vs 6 for Red Wings.

3rd period


0:01 of 3rd period - Tyler Johnson wins face-off versus Jordan Staal in neutral zone.
0:04 of 3rd period - Jordan Staal is hit by Sean Bergenheim and loses puck.
0:27 of 3rd period - Gilbert Brule is hit by Mike Richards and loses puck.
1:10 of 3rd period - Wrist shot by Claude Giroux.
1:10 of 3rd period - Deflect By Jordan Staal.
1:10 of 3rd period - Stopped by Michal Neuvirth with a rebound.
1:14 of 3rd period - Snap shot by Claude Giroux.
1:14 of 3rd period - Shot Misses the Net.
1:24 of 3rd period - John Klingberg is hit by Philip Samuelsson and loses puck.
1:34 of 3rd period - Icing by John Klingberg.
1:35 of 3rd period - Sean Bergenheim wins face-off versus Jordan Staal in Maple Leafs zone.
1:38 of 3rd period - Wrist shot by Sean Bergenheim.
1:38 of 3rd period - Stopped by Alex Stalock without a rebound.
1:39 of 3rd period - Jordan Staal wins face-off versus Sean Bergenheim in Maple Leafs zone.
1:52 of 3rd period - Snap shot by Claude Giroux.
1:52 of 3rd period - Stopped by Michal Neuvirth with a rebound.
2:04 of 3rd period - Fabian Brunnstrom is hit by Tyler Johnson and loses puck.
2:09 of 3rd period - Snap shot by Rick Nash.
2:09 of 3rd period - Stopped by Alex Stalock without a rebound.
2:10 of 3rd period - Gilbert Brule wins face-off versus Mike Richards in Maple Leafs zone.
2:10 of 3rd period - Gilbert Brule is hit by Mike Richards.
2:27 of 3rd period - Snap shot by Adam Henrique.
2:27 of 3rd period - Deflect By Mike Richards.
2:27 of 3rd period - Stopped by Alex Stalock with a rebound.
2:42 of 3rd period - Backhand shot by Ole-Kristian Tollefsen.
2:42 of 3rd period - Stopped by Alex Stalock with a rebound.
2:44 of 3rd period - Slapshot by Philip Samuelsson.
2:44 of 3rd period - Deflect By Alex Picard.
2:44 of 3rd period - Stopped by Alex Stalock without a rebound.
2:45 of 3rd period - Jordan Staal wins face-off versus Tyler Johnson in Maple Leafs zone.
3:12 of 3rd period - Mike Richards is hit by Tobias Enstrom.
3:59 of 3rd period - Slapshot by Brent Seabrook.
3:59 of 3rd period - Deflect By Ales Hemsky.
3:59 of 3rd period - Goal by Ales Hemsky - Maple Leafs : 1 - Red Wings : 5.
4:00 of 3rd period - Tyler Johnson wins face-off versus Jordan Staal in neutral zone.
4:27 of 3rd period - Tobias Enstrom is hit by Chris Kelly and loses puck.
4:36 of 3rd period - Snap shot by Claude Giroux.
4:36 of 3rd period - Shot Blocked by Jiri Fischer.
4:38 of 3rd period - Snap shot by Fabian Brunnstrom.
4:38 of 3rd period - Shot Misses the Net.
4:56 of 3rd period - Adam Henrique is hit by Fabian Brunnstrom and loses puck.
5:11 of 3rd period - Fabian Brunnstrom is hit by Theo Peckham and loses puck.
5:22 of 3rd period - Sean Bergenheim is hit by Colby Armstrong and loses puck.
5:39 of 3rd period - Minor Penalty to Colby Armstrong for Hooking.
5:40 of 3rd period - Ben Smith wins face-off versus Rick Nash in Maple Leafs zone.
6:15 of 3rd period - Minor Penalty to Artemi Panarin for Cross-checking.
6:16 of 3rd period - Claude Giroux wins face-off versus Rick Nash in Maple Leafs zone.
6:43 of 3rd period - Minor Penalty to Ole-Kristian Tollefsen for Holding.
6:44 of 3rd period - Claude Giroux wins face-off versus Rick Nash in Red Wings zone.
6:58 of 3rd period - Snap shot by Mike Richards.
6:58 of 3rd period - Stopped by Alex Stalock without a rebound.
6:59 of 3rd period - Claude Giroux wins face-off versus Mike Richards in Maple Leafs zone.
7:12 of 3rd period - Slapshot by Jiri Fischer.
7:12 of 3rd period - Deflect By Mike Richards.
7:12 of 3rd period - Stopped by Alex Stalock without a rebound.
7:13 of 3rd period - Mike Richards wins face-off versus Claude Giroux in Maple Leafs zone.
7:20 of 3rd period - Snap shot by Rick Nash.
7:20 of 3rd period - Shot Blocked by Braydon Coburn.
7:39 of 3rd period - Penalty to Colby Armstrong is over, Colby Armstrong is back on ice.
7:42 of 3rd period - Wrist shot by Claude Giroux.
7:42 of 3rd period - Shot Misses the Net.
7:48 of 3rd period - Claude Giroux is hit by Brent Seabrook and loses puck.
8:04 of 3rd period - Brendan Bell is hit by Colby Armstrong and loses puck.
8:15 of 3rd period - Penalty to Artemi Panarin is over, Artemi Panarin is back on ice.
8:43 of 3rd period - Penalty to Ole-Kristian Tollefsen is over, Ole-Kristian Tollefsen is back on ice.
8:43 of 3rd period - Snap shot by Claude Giroux.
8:43 of 3rd period - Stopped by Michal Neuvirth without a rebound.
8:44 of 3rd period - Chris Kelly wins face-off versus Zac Dalpe in Red Wings zone.
8:51 of 3rd period - Snap shot by Blake Comeau.
8:51 of 3rd period - Shot Blocked by Brent Seabrook.
8:53 of 3rd period - Slapshot by Taylor Chorney.
8:53 of 3rd period - Shot Blocked by Brent Seabrook.
8:55 of 3rd period - Slapshot by Taylor Chorney.
8:55 of 3rd period - Shot Blocked by Ales Hemsky.
9:13 of 3rd period - Backhand shot by Rick Nash.
9:13 of 3rd period - Shot Blocked by Jeremy Morin.
9:41 of 3rd period - Wrist shot by Chris Kelly.
9:41 of 3rd period - Stopped by Alex Stalock without a rebound.
9:42 of 3rd period - Chris Kelly wins face-off versus Gilbert Brule in Maple Leafs zone.
9:47 of 3rd period - Snap shot by Alex Picard.
9:47 of 3rd period - Stopped by Alex Stalock with a rebound.
9:49 of 3rd period - Snap shot by Chris Kelly.
9:49 of 3rd period - Shot Misses the Net.
9:53 of 3rd period - Snap shot by Chris Kelly.
9:53 of 3rd period - Shot Blocked by John Klingberg.
9:55 of 3rd period - Wrist shot by Alex Picard.
9:55 of 3rd period - Stopped by Alex Stalock without a rebound.
9:56 of 3rd period - Tyler Johnson wins face-off versus Zac Dalpe in Maple Leafs zone.
9:57 of 3rd period - Slapshot by Rick Nash.
9:57 of 3rd period - Shot Hit the Post.
10:13 of 3rd period - Icing by Tobias Enstrom.
10:14 of 3rd period - Mike Richards wins face-off versus Blake Comeau in Maple Leafs zone.
10:25 of 3rd period - Snap shot by Braydon Coburn.
10:25 of 3rd period - Stopped by Michal Neuvirth with a rebound.
10:47 of 3rd period - Wrist shot by Tyler Johnson.
10:47 of 3rd period - Stopped by Alex Stalock with a rebound.
11:05 of 3rd period - Icing by Colby Armstrong.
11:06 of 3rd period - Gilbert Brule wins face-off versus Mike Richards in Maple Leafs zone.
11:11 of 3rd period - Mike Richards is hit by Colby Armstrong and loses puck.
13:11 of 3rd period - Wrist shot by Adam Henrique.
13:11 of 3rd period - Stopped by Alex Stalock with a rebound.
13:15 of 3rd period - Wrist shot by Phil Kessel.
13:15 of 3rd period - Shot Misses the Net.
13:34 of 3rd period - Icing by Zac Dalpe.
13:35 of 3rd period - Gilbert Brule wins face-off versus Chris Kelly in Maple Leafs zone.
13:42 of 3rd period - Snap shot by Eric Nystrom.
13:42 of 3rd period - Shot Blocked by Alex Picard.
13:44 of 3rd period - Snap shot by Eric Nystrom.
13:44 of 3rd period - Shot Hit the Post.
13:46 of 3rd period - Snap shot by Colby Armstrong.
13:46 of 3rd period - Stopped by Michal Neuvirth without a rebound.
13:47 of 3rd period - Jordan Staal wins face-off versus Tyler Johnson in Red Wings zone.
15:14 of 3rd period - Tobias Enstrom is hit by Phil Kessel and loses puck.
15:33 of 3rd period - Snap shot by Nate Thompson.
15:33 of 3rd period - Deflect By Oleg Saprykin.
15:33 of 3rd period - Stopped by Alex Stalock with a rebound.
15:35 of 3rd period - Wrist shot by Brent Seabrook.
15:35 of 3rd period - Stopped by Alex Stalock without a rebound.
15:36 of 3rd period - Jordan Staal wins face-off versus Nate Thompson in Maple Leafs zone.
15:45 of 3rd period - Slapshot by Fabian Brunnstrom.
15:45 of 3rd period - Shot Misses the Net.
15:47 of 3rd period - Minor Penalty to Nate Thompson for Goalie Interference.
15:48 of 3rd period - Tyler Johnson wins face-off versus Jordan Staal in Red Wings zone.
16:15 of 3rd period - Slapshot by Tyler Johnson.
16:15 of 3rd period - Stopped by Alex Stalock without a rebound.
16:16 of 3rd period - Tyler Johnson wins face-off versus Gilbert Brule in Maple Leafs zone.
16:17 of 3rd period - Wrist shot by Oleg Saprykin.
16:17 of 3rd period - Stopped by Alex Stalock without a rebound.
16:18 of 3rd period - Tyler Johnson wins face-off versus Gilbert Brule in Maple Leafs zone.
16:48 of 3rd period - Wrist shot by Rick Nash.
16:48 of 3rd period - Shot Misses the Net.
17:24 of 3rd period - Gilbert Brule is hit by Brent Seabrook and loses puck.
17:47 of 3rd period - Penalty to Nate Thompson is over, Nate Thompson is back on ice.
17:58 of 3rd period - Braydon Coburn is hit by Phil Kessel and loses puck.
19:05 of 3rd period - Icing by Ben Smith.
19:06 of 3rd period - Claude Giroux wins face-off versus Chris Kelly in Maple Leafs zone.
19:43 of 3rd period - Wrist shot by Alex Picard.
19:43 of 3rd period - Stopped by Alex Stalock with a rebound.
19:45 of 3rd period - Wrist shot by Chris Kelly.
19:45 of 3rd period - Stopped by Alex Stalock with a rebound.
Goals for this period are 0 for Maple Leafs vs 1 for Red Wings.
Shots for this period are 5 for Maple Leafs vs 19 for Red Wings.